 Dungeon Crawl Stone Soup version 0.26-a0-648-g87339cca5e (webtiles) character file.

Game seed: 4018029627276343490

17609 Gargoyl the Fighter (level 12, -1/145 HPs)
             Began as a Gnoll Abyssal Knight on Sept 25, 2020.
             Was a Priest of Lugonu.
             Killed from afar by an ice statue (17 damage)
             ... with a bolt of cold
             ... in an ice cave.
             The game lasted 00:19:40 (14944 turns).

Gargoyl the Fighter (Gnoll Abyssal Knight)         Turns: 14944, Time: 00:19:41

Health: -1/145     AC: 20    Str: 23    XL:     12   Next: 49%
Magic:  23/23      EV: 11    Int: 16    God:    Lugonu [***...]
Gold:   214        SH:  0    Dex: 18    Spells: 25/25 levels left

rFire    + . .     SeeInvis .   a - +4 hand axe
rCold    . . .     Faith    .   (no shield)
rNeg     + . .     Spirit   .   h - +0 plate armour
rPois    .         Reflect  .   (helmet restricted)
rElec    .         Harm     .   b - +0 cloak
rCorr    .         Rampage  .   w - +0 pair of gloves
MR       .....                  i - +2 pair of boots
Stlth    ..........             F - amulet "Fiaxkyly" {Acrobat Dex+3}
HPRegen  0.34/turn              g - ring of protection from fire
MPRegen  0.18/turn              r - ring "Rasunoma" {rN+ Str+3 Int+2}

@: berserking, very quick
A: distributed training, fangs 1, horns 1, blurry vision 2, screaming 1, strong
nose
a: Depart the Abyss, Bend Space, Banish, Renounce Religion


You were in an ice cave.
You worshipped Lugonu.
Lugonu was most pleased with you.
You visited 2 branches of the dungeon, and saw 13 of its levels.
You visited the Abyss 2 times.
You also visited: Ice Cave.

You collected 942 gold pieces.
You spent 728 gold pieces at shops.

Inventory:

Hand Weapons
 a - a +4 hand axe (weapon)
 G - a +2 morningstar of holy wrath
Missiles
 p - 13 javelins
 C - 5 silver javelins
 E - 5 curare-tipped darts (quivered)
Armour
 b - a +0 cloak (worn)
 h - a +0 plate armour (worn)
 i - a +2 pair of boots (worn)
 w - a +0 pair of gloves (worn)
Jewellery
 f - an uncursed ring of see invisible
 g - a ring of protection from fire (left hand)
 l - a +4 ring of evasion
 r - the ring "Rasunoma" (right hand) {rN+ Str+3 Int+2}
   (You took it off an orc wizard on level 7 of the Dungeon)

   [ring of positive energy]

   It affects your strength (+3).
   It affects your intelligence (+2).
   It protects you from negative energy.
 F - the amulet "Fiaxkyly" (around neck) {Acrobat Dex+3}
   (You found it on level 7 of the Dungeon)

   [amulet of the acrobat]

   It helps you evade while moving and waiting.
   It affects your dexterity (+3).
Wands
 n - a wand of iceblast (25)
 u - a wand of random effects (20)
 y - a wand of paralysis (16)
 D - a wand of polymorph (10)
 I - a wand of acid (8)
Scrolls
 c - 6 scrolls of remove curse
 m - 7 scrolls of teleportation
 q - a scroll of identify
 v - 5 scrolls of blinking
Potions
 d - 3 potions of might
 e - a potion of cancellation
 j - a potion of invisibility
 k - a potion of curing
 o - a potion of resistance
 s - a potion of brilliance
 t - a potion of ambrosia
 x - a potion of lignification
 z - a potion of stabbing
 J - a potion of flight


   Skills:
 + Level 9.9 Fighting
 + Level 7.3 Short Blades
 + Level 7.3 Long Blades
 + Level 8.7 Axes
 + Level 7.3 Maces & Flails
 + Level 7.3 Polearms
 + Level 7.3 Staves
 + Level 7.3 Slings
 + Level 7.3 Bows
 + Level 7.3 Crossbows
 + Level 7.3 Throwing
 + Level 8.7 Armour
 + Level 7.8 Dodging
 + Level 7.3 Stealth
 + Level 7.3 Shields
 + Level 7.3 Unarmed Combat
 + Level 7.3 Spellcasting
 + Level 6.1 Conjurations
 + Level 6.1 Hexes
 + Level 6.1 Summonings
 + Level 6.1 Necromancy
 + Level 6.1 Translocations
 + Level 6.1 Transmutations
 + Level 6.1 Fire Magic
 + Level 6.1 Ice Magic
 + Level 6.1 Air Magic
 + Level 6.1 Earth Magic
 + Level 6.1 Poison Magic
 + Level 9.3 Invocations
 + Level 7.3 Evocations


You had 25 spell levels left.
You didn't know any spells.
Your spell library contained the following spells:

 Spells                   Type           Power        Failure   Level
 Corona                   Hex            ####...      13%         1
 Ensorcelled Hibernation  Hex/Ice        ####..       21%         2
 Confusing Touch          Hex            ####....     36%         3
 Dazzling Flash           Conj/Hex       ####..       36%         3
 Tukima's Dance           Hex            ####....     36%         3


Dungeon Overview and Level Annotations

Branches:
Dungeon (11/15)            Temple (0/1) D:6            Lair (2/6) D:8
 Shoals (0/4) Lair:2        IceCv (1/1)
  Snake: Lair:2-4    Spider: Lair:2-4       Orc: D:9-12

Altars:
Ashenzari
Dithmenos
Elyvilon
Fedhas
Kikubaaqudgha
Makhleb
Trog
Zin

Shops:
D:5 =   D:6 *   D:10 *

Annotations:
IceCv exclusion: 2 ice statues


Innate Abilities, Weirdness & Mutations

Your experience applies equally to all skills.
You have very sharp teeth.
Your uncanny sense of smell can sniff out nearby items.
You have a pair of small horns on your head.
Scrolls take you longer to read.
You occasionally shout uncontrollably at your foes.


Message History

You hit the ice beast. x2; You are engulfed in freezing vapours.
* * * LOW HITPOINT WARNING * * *
The ice beast barely misses you. The ice beast closely misses you.
The ice statue gestures at you. The freezing blast engulfs you!!
* * * LOW HITPOINT WARNING * * *
You feel better.
The ice beast hits you but does no damage.
The ice beast closely misses you.
The ice beast hits you but does no damage.
The ice beast barely misses you.
Okay, then.
A red film seems to cover your vision as you go berserk!
You feel yourself moving faster!
You feel mighty!
The ice beast hits you but does no damage. x2
The ice beast misses you.
The ice beast hits you but does no damage.
The ice statue gestures at you. The bolt of cold hits you!
You die...

#...... #### #........
##..## #### 8........
#....#####..####........
.......##....##.........
.∩.∩.......#÷...........
..........###..○°°......
#....##....####YYY§.....
##..######.# ##@Y......
#### #.# #8○§○....# ##
##§.§....# ##.....##
.....# ##..## .#. ##..


You could see 2 ice statues and 4 ice beasts.

Vanquished Creatures
  Harold (D:7)
  3 two-headed ogres
  Pikel (D:4)
  A manticore (D:11)
  A black mamba (Lair:1)
  2 cane toads (Lair:1)
  Maggie (D:8)
  3 rime drakes
  A komodo dragon (Lair:1)
  A troll (D:10)
  8 blink frogs (Lair:1)
  4 hippogriffs
  3 yaks (Lair:1)
  2 steam dragons
  3 wargs (D:8)
  An acid dragon (D:7)
  2 water moccasins (Lair:1)
  A porcupine (Lair:1)
  3 black bears
  2 sky beasts (D:8)
  5 orc warriors
  4 phantoms
  2 eyes of draining (D:3)
  17 ice beasts
  8 ogres
  A crocodile (Lair:1)
  5 centaurs
  3 wolves (Lair:1)
  3 bullfrogs
  2 big kobolds (D:7)
  5 scorpions
  An electric eel (Lair:1)
  5 howler monkeys (D:10)
  2 quasits
  A bullfrog zombie (D:6)
  A bullfrog skeleton (D:7)
  3 jellies
  A gnoll shaman (D:5)
  9 hounds
  11 orc priests
  16 orc wizards
  2 iguanas
  3 worker ants
  2 hound skeletons
  A worker ant zombie (D:3)
  10 gnolls
  15 adders
  4 howler monkey skeletons
  3 shadow imps
  2 white imps
  2 ufetubi
  An adder skeleton (D:7)
  3 worms
  3 dart slugs
  6 leopard geckos
  41 orcs
  3 ball pythons
  6 bats
  7 giant cockroaches
  9 hobgoblins
  4 quokkas
  4 frilled lizards
  4 goblins
  2 jackal skeletons
  A jackal zombie (D:5)
  15 kobolds
  3 leopard gecko zombies (D:7)
  A quokka zombie (D:7)
  3 rats (D:1)
309 creatures vanquished.

Vanquished Creatures (others)
  A human (D:6)
  An orc (D:8)
  A quokka (D:8)
  4 fungi (Lair:1)
  31 plants
38 creatures vanquished.

Grand Total: 347 creatures vanquished

Notes
Turn   | Place    | Note
-------+----------+-------------------------------------------
     0 | Abyss:1  | Gargoyl the Gnoll Abyssal Knight began the quest for the
                  | Orb.
     0 | Abyss:1  | Reached XP level 1. HP: 23/23 MP: 3/3
     8 | Abyss:1  | Found a corrupted altar of Lugonu.
    90 | Abyss:1  | Noticed a large abomination
    93 | Abyss:1  | Noticed an ice beast
    98 | Abyss:1  | Killed an ice beast
    98 | Abyss:1  | Reached skill level 1 in Short Blades
    98 | Abyss:1  | Reached skill level 1 in Long Blades
    98 | Abyss:1  | Reached skill level 1 in Maces & Flails
    98 | Abyss:1  | Reached skill level 1 in Polearms
    98 | Abyss:1  | Reached skill level 1 in Staves
    98 | Abyss:1  | Reached skill level 1 in Slings
    98 | Abyss:1  | Reached skill level 1 in Bows
    98 | Abyss:1  | Reached skill level 1 in Crossbows
    98 | Abyss:1  | Reached skill level 1 in Throwing
    98 | Abyss:1  | Reached skill level 1 in Stealth
    98 | Abyss:1  | Reached skill level 1 in Shields
    98 | Abyss:1  | Reached skill level 1 in Unarmed Combat
    98 | Abyss:1  | Reached skill level 1 in Spellcasting
    98 | Abyss:1  | Reached skill level 1 in Evocations
    98 | Abyss:1  | Reached XP level 2. HP: 6/29 MP: 5/5
    98 | Abyss:1  | Reached XP level 3. HP: 7/35 MP: 6/6
    98 | Abyss:1  | Reached XP level 4. HP: 9/41 MP: 7/7
    98 | Abyss:1  | Reached skill level 1 in Conjurations
    98 | Abyss:1  | Reached skill level 1 in Hexes
    98 | Abyss:1  | Reached skill level 1 in Summonings
    98 | Abyss:1  | Reached skill level 1 in Necromancy
    98 | Abyss:1  | Reached skill level 1 in Translocations
    98 | Abyss:1  | Reached skill level 1 in Transmutations
    98 | Abyss:1  | Reached skill level 1 in Fire Magic
    98 | Abyss:1  | Reached skill level 1 in Ice Magic
    98 | Abyss:1  | Reached skill level 1 in Air Magic
    98 | Abyss:1  | Reached skill level 1 in Earth Magic
    98 | Abyss:1  | Reached skill level 1 in Poison Magic
    99 | D:1      | Escaped the Abyss
   464 | D:1      | Reached * piety under Lugonu
   888 | D:1      | Reached XP level 5. HP: 47/47 MP: 8/8
  1568 | D:2      | Reached ** piety under Lugonu
  2467 | D:3      | Reached skill level 5 in Invocations
  2467 | D:3      | Reached XP level 6. HP: 43/53 MP: 9/9
  2745 | D:3      | Found a faded altar of an unknown god.
  2913 | D:3      | Found a bloodstained altar of Trog.
  2913 | D:3      | Noticed an eye of draining
  2914 | D:3      | Noticed an eye of draining
  2931 | D:3      | Killed an eye of draining
  2931 | D:3      | Reached skill level 5 in Axes
  2931 | D:3      | Reached skill level 5 in Armour
  2942 | D:3      | Killed an eye of draining
  2942 | D:3      | Reached XP level 7. HP: 58/59 MP: 1/10
  3734 | D:4      | Reached XP level 8. HP: 59/67 MP: 12/12
  3894 | D:4      | Noticed Pikel
  3913 | D:4      | Killed Pikel
  4193 | D:4      | Found a shadowy altar of Dithmenos.
  4196 | D:4      | Found a glowing silver altar of Zin.
  4199 | D:4      | Found a white marble altar of Elyvilon.
  4234 | D:5      | Entered Level 5 of the Dungeon
  4348 | D:5      | Reached *** piety under Lugonu
  4576 | D:5      | Found Vyarr's Jewellery Shop.
  4762 | D:5      | Reached XP level 9. HP: 68/72 MP: 12/14
  4987 | D:6      | Found an ancient bone altar of Kikubaaqudgha.
  5048 | D:6      | Found Nomumug's Lightly-Used Armoury.
  5249 | D:6      | Reached **** piety under Lugonu
  5325 | D:6      | Reached skill level 5 in Dodging
  5587 | D:6      | Found a staircase to the Ecumenical Temple.
  5872 | D:7      | Found a broken altar of Ashenzari.
  5917 | D:7      | Noticed Harold
  5942 | D:7      | Killed Harold
  6390 | D:7      | Reached XP level 10. HP: 80/80 MP: 17/17
  6449 | D:7      | Reached skill level 5 in Short Blades
  6449 | D:7      | Reached skill level 5 in Long Blades
  6449 | D:7      | Reached skill level 5 in Maces & Flails
  6449 | D:7      | Reached skill level 5 in Polearms
  6449 | D:7      | Reached skill level 5 in Staves
  6449 | D:7      | Reached skill level 5 in Slings
  6449 | D:7      | Reached skill level 5 in Bows
  6449 | D:7      | Reached skill level 5 in Crossbows
  6449 | D:7      | Reached skill level 5 in Throwing
  6449 | D:7      | Reached skill level 5 in Stealth
  6449 | D:7      | Reached skill level 5 in Shields
  6449 | D:7      | Reached skill level 5 in Unarmed Combat
  6449 | D:7      | Reached skill level 5 in Spellcasting
  6449 | D:7      | Reached skill level 5 in Evocations
  6851 | D:7      | Found a burning altar of Makhleb.
  7033 | D:7      | Identified the ring "Rasunoma" {rN+ Str+3 Int+2}
  7151 | D:7      | Got a translucent bronze ring
  7154 | D:7      | Got a flickering crystal amulet
  7163 | D:7      | Got a slimy tin amulet
  7279 | D:8      | Identified the amulet "Fiaxkyly" {Acrobat Dex+3} (You found
                  | it on level 7 of the Dungeon)
  7291 | D:8      | Identified the amulet "Zotz" {Inacc Int+8} (You found it on
                  | level 7 of the Dungeon)
  7294 | D:8      | Identified the ring of Xais {Wiz SInv} (You found it on
                  | level 7 of the Dungeon)
  7352 | D:8      | Found a staircase to the Lair.
  7651 | D:8      | Noticed Maggie
  7671 | D:8      | Killed Maggie
  7687 | D:8      | Found a broken altar of Ashenzari.
  8166 | D:8      | Reached XP level 11. HP: 80/87 MP: 19/19
  8478 | Lair:1   | Entered Level 1 of the Lair of Beasts
  9258 | Lair:1   | Reached skill level 5 in Conjurations
  9258 | Lair:1   | Reached skill level 5 in Hexes
  9258 | Lair:1   | Reached skill level 5 in Summonings
  9258 | Lair:1   | Reached skill level 5 in Necromancy
  9258 | Lair:1   | Reached skill level 5 in Translocations
  9258 | Lair:1   | Reached skill level 5 in Transmutations
  9258 | Lair:1   | Reached skill level 5 in Fire Magic
  9258 | Lair:1   | Reached skill level 5 in Ice Magic
  9258 | Lair:1   | Reached skill level 5 in Air Magic
  9258 | Lair:1   | Reached skill level 5 in Earth Magic
  9258 | Lair:1   | Reached skill level 5 in Poison Magic
  9716 | Lair:1   | Reached ***** piety under Lugonu
 10192 | Abyss:1  | Noticed a starcursed mass
 10193 | Lair:2   | Escaped the Abyss
 10228 | Lair:2   | Found a staircase to the Shoals.
 10625 | Lair:1   | HP: 4/89 [poisoned by a cane toad]
 10632 | Lair:1   | HP: 3/89 [poisoned by a cane toad]
 10639 | Lair:1   | HP: 3/89 [poisoned by a cane toad]
 10647 | Lair:1   | HP: 3/89 [poisoned by a cane toad]
 11660 | Lair:2   | Noticed an eight-headed hydra
 11778 | D:9      | Noticed a two-headed ogre
 11798 | D:9      | Killed a two-headed ogre
 12389 | D:9      | Noticed a two-headed ogre
 12406 | D:9      | Killed a two-headed ogre
 12984 | D:10     | Entered Level 10 of the Dungeon
 13000 | D:10     | Reached XP level 12. HP: 72/96 MP: 22/22
 13420 | D:10     | Found Daunaj's Assorted Antiques.
 13425 | D:10     | Bought a shiny plate armour for 728 gold pieces
 13452 | D:10     | Gained mutation: You occasionally shout uncontrollably at
                  | your foes. [potion of mutation]
 13452 | D:10     | Gained mutation: You sometimes yell uncontrollably at your
                  | foes. [potion of mutation]
 13452 | D:10     | Gained mutation: You are weak. (Str -2) [potion of
                  | mutation]
 13452 | D:10     | Gained mutation: You are surrounded by a mild repulsion
                  | field. (EV +2) [potion of mutation]
 13453 | D:10     | Lost mutation: You are weak. (Str -2) [potion of mutation]
 13453 | D:10     | Lost mutation: You are surrounded by a mild repulsion
                  | field. (EV +2) [potion of mutation]
 13453 | D:10     | Lost mutation: You sometimes yell uncontrollably at your
                  | foes. [potion of mutation]
 13453 | D:10     | Gained mutation: Scrolls take you a little longer to read.
                  | [potion of mutation]
 13453 | D:10     | Gained mutation: Scrolls take you longer to read. [potion
                  | of mutation]
 13453 | D:10     | Gained mutation: You have a pair of small horns on your
                  | head. [potion of mutation]
 13488 | D:10     | Found a blossoming altar of Fedhas.
 13519 | D:10     | Noticed a two-headed ogre
 13548 | D:10     | Killed a two-headed ogre
 14478 | D:11     | Found a frozen archway.
 14504 | IceCv    | Entered an ice cave
 14942 | IceCv    | HP: 4/97 [ice statue/freezing blast (18)]
 14944 | IceCv    | Killed from afar by an ice statue

Illustrated notes

Levels and vault maps discovered:
D:1:      dpeg_arrival_long_road, layout_basic, minmay_pentomino_u4
D:2:      minmay_skewed_foursquare, layout_basic, item_on_display_a
D:3:      layout_basic, trog_eyes_of_draining,
          chequers_ecumenical_altar_simple_redux, minmay_misc_feat_hallway,
          serial_bayou_ford_a
D:4:      layout_rooms, grunt_temple_overflow_diamond, uniq_pikel
D:5:      layout_gridville, serial_shops, shop
D:6:      layout_rooms, minmay_temple_entry_from_below_a, minmay_shop_damaged,
          tgw_kikubaaqudgha
D:7:      minmay_the_grid_triangle_9x9_rhombus_full
          [minmay_the_grid_triangle_9x9_alien,
          minmay_the_grid_triangle_9x9_wacky_v,
          minmay_the_grid_triangle_9x9_flanged_cone,
          minmay_the_grid_triangle_9x9_shrine,
          minmay_the_grid_triangle_9x9_swiss_cheese,
          minmay_the_grid_triangle_9x9_steps,
          minmay_the_grid_triangle_9x9_stretched_checkered,
          minmay_the_grid_triangle_9x9_prize_special], layout_loops_ring,
          basic_altar, supply_closet_lemuel, uniq_harold
D:8:      minmay_goldmine, layout_gridville, erik_lair_orcish_takeover,
          minivault_1, cheibrodos_ashenzari_chains, uniq_maggie
D:9:      layout_basic, serial_bayou_pond_e, minmay_misc_feat_pillars,
          serial_park_tiny_pond
D:10:     layout_roguey, serial_shops, shop, fedhas_altar_4
D:11:     layout_cave_pods, erik_orc_2, portal_ice_cave_rime,
          kennysheep_just_a_vault
Lair:1:   layout_regular_city, serial_bayou_lagoon_a, lemuel_fruit_tree,
          grunt_megastairs_4
Lair:2:   layout_roguey, minmay_shoals_entry_centaurs
IceCv:    ice_cave_small_dragons

Skill      XL: |  1  2  3  4  5  6  7  8  9 10 11 12 |
---------------+-------------------------------------+-----
Short Blades   | 1 2 3 4 5 6 7 |  7.3
Long Blades    | 1 2 3 4 5 6 7 |  7.3
Maces & Flails | 1 2 3 4 5 6 7 |  7.3
Polearms       | 1 2 3 4 5 6 7 |  7.3
Staves         | 1 2 3 4 5 6 7 |  7.3
Slings         | 1 2 3 4 5 6 7 |  7.3
Bows           | 1 2 3 4 5 6 7 |  7.3
Crossbows      | 1 2 3 4 5 6 7 |  7.3
Throwing       | 1 2 3 4 5 6 7 |  7.3
Stealth        | 1 2 3 4 5 6 7 |  7.3
Shields        | 1 2 3 4 5 6 7 |  7.3
Unarmed Combat | 1 2 3 4 5 6 7 |  7.3
Spellcasting   | 1 2 3 4 5 6 7 |  7.3
Evocations     | 1 2 3 4 5 6 7 |  7.3
Conjurations   | 1 2 3 4 5 6 |  6.1
Hexes          | 1 2 3 4 5 6 |  6.1
Summonings     | 1 2 3 4 5 6 |  6.1
Necromancy     | 1 2 3 4 5 6 |  6.1
Translocations | 1 2 3 4 5 6 |  6.1
Transmutations | 1 2 3 4 5 6 |  6.1
Fire Magic     | 1 2 3 4 5 6 |  6.1
Ice Magic      | 1 2 3 4 5 6 |  6.1
Air Magic      | 1 2 3 4 5 6 |  6.1
Earth Magic    | 1 2 3 4 5 6 |  6.1
Poison Magic   | 1 2 3 4 5 6 |  6.1
Dodging        | 3 4 5 6 7 |  7.8
Invocations    | 5 6 7 8 9 |  9.3
Axes           | 5 6 7 8 |  8.7
Armour         | 5 6 7 8 |  8.7
Fighting       | 7 8 9 |  9.9

Action                   |  1- 3 |  4- 6 |  7- 9 | 10-12 || total
-------------------------+-------+-------+-------+-------++-------
Melee: Hand axe          |     1 |   189 |   328 |   380 ||   898
       Bite              |       |    17 |    53 |   157 ||   227
       Punch             |       |     3 |     7 |    25 ||    35
       Short sword       |       |       |    45 |   536 ||   581
       Headbutt          |       |       |       |    44 ||    44
Throw: Javelin           |       |       |     9 |     8 ||    17
       Dart              |       |       |       |     8 ||     8
Invok: Depart the Abyss  |       |     1 |       |     1 ||     2
       Banish            |       |       |       |     5 ||     5
       Bend Space        |       |       |       |     2 ||     2
       Enter the Abyss   |       |       |       |     1 ||     1
  Use: Scroll            |     1 |    12 |     5 |    15 ||    33
       Potion            |       |       |     2 |    13 ||    15
 Stab: Sleeping          |       |     1 |       |       ||     1
Armor: Ring mail         |       |    37 |       |       ||    37
       Leather armour    |       |     3 |       |       ||     3
       Plate armour      |       |    34 |   238 |   594 ||   866
Dodge: Dodged            |       |   118 |   287 |   645 ||  1050

Table legend: (Time is in decaauts)
 A = Elapsed time spent in this place.
 B = Non-inter-level travel time spent in this place.
 C = Inter-level travel time spent in this place.
 D = Time resting spent in this place.
 E = Time spent auto-exploring this place.
 F = Levels seen in this place.
 G = Mean time per level.
                   A        B        C        D        E       F      G
               +--------+--------+--------+--------+--------+-----+--------+
         Total |  14843 |  14454 |    389 |   4923 |   6501 |  16 |  927.7 |
       Dungeon |  11126 |  10783 |    343 |   2560 |   5722 |  11 | 1011.5 |
          Lair |   3099 |   3054 |     45 |   1949 |    677 |   2 | 1549.5 |
         Abyss |    187 |    187 |      0 |     78 |     89 |   2 |   93.5 |
      Ice Cave |    429 |    429 |      0 |    335 |     12 |   1 |  429.0 |
               +--------+--------+--------+--------+--------+-----+--------+

Top non-repeatable levels by time:
  Lair:1: 3039 daAuts
     D:7: 1376 daAuts
     D:9: 1256 daAuts
     D:8: 1195 daAuts
     D:4: 1141 daAuts
     D:2: 1095 daAuts
     D:1: 1021 daAuts
    D:10: 916 daAuts
     D:3: 903 daAuts
     D:6: 882 daAuts
     D:5: 753 daAuts
    D:11: 583 daAuts
   IceCv: 429 daAuts
 Abyss:1: 187 daAuts
  Lair:2: 60 daAuts
